[Event "GambitGuide"]
[Site "Internet Chess Club"]
[Date "2014.10.31"]
[Round "1"]
[White "JSBach"]
[Black "littlecaesar"]
[Result "0-1"]
[ICCResult "White checkmated"]
[WhiteElo "1651"]
[BlackElo "2521"]
[Opening "Vienna: `Frankenstein-Dracula' variation"]
[ECO "C27"]
[NIC "VG.02"]
[Time "11:45:11"]
[TimeControl "120+12"]

1. e4 e5 2. Nc3 Nf6 3. Bc4 Nxe4 4. Qh5 Nd6 5. Bb3 Nc6 6. Nb5 g6 7. Qf3 f5 8.
Qd5 Qe7 9. Nxc7+ Kd8 10. Nxa8 b6 11. d3 Nd4 12. f4 Bb7 13. Qxe5 Bxg2 14. Be3
Bg7 15. Qxe7+ Kxe7 16. Nxb6 axb6 17. Bxd4 Bxd4 18. c3 Bf6 19. Kd2 Bxh1 20.
Re1+ Kd8 21. a4 Bc6 22. Kc2 h6 23. Ne2 g5 24. Rc1 gxf4 25. Nxf4 Bg5 26. Rf1
Re8 27. Kd1 Nb7 28. Bc2 Nc5 29. b3 Rg8 30. Ne2 Rf8 31. Nd4 f4 32. b4 Nb7 33.
Bb3 Bg2 34. Rf2 f3 35. Nc2 Bh4 36. Rd2 f2 37. Ne3 f1=Q+ 38. Nxf1 Rxf1+ 39.
Kc2 Bf3 40. Kb2 Bg5 41. Rc2 h5 42. Bc4 Nd6 43. a5 bxa5 44. bxa5 Nxc4+ 45.
dxc4 Kc7 46. Ka3 Ra1+ 47. Kb4 Be7+ 48. Kb5 Bc6+ 49. Ka6 Bc5 50. h3 Rb1 51.
Rb2 Rxb2 52. h4 Bb7# {White checkmated} 0-1

[Event "GambitGuide"]
[Site "Internet Chess Club"]
[Date "2014.10.31"]
[Round "1"]
[White "JSBach"]
[Black "ericsfriend"]
[Result "1-0"]
[ICCResult "Black resigns"]
[WhiteElo "1658"]
[BlackElo "1153"]
[Opening "Vienna: `Frankenstein-Dracula' variation"]
[ECO "C27"]
[NIC "VG.02"]
[Time "11:46:29"]
[TimeControl "120+12"]

1. e4 e5 2. Nc3 Nf6 3. Bc4 Nxe4 4. Qh5 Nd6 5. Bb3 Nc6 6. Nb5 g6 7. Qf3 f5 8.
Qd5 Qe7 9. Nxc7+ Kd8 10. Nxa8 b6 11. d3 e4 12. dxe4 Qxe4+ 13. Qxe4 Nxe4 14.
f3 Nc5 15. Bd5 Ne7 16. Bg5 Bb7 17. Bxb7 Nxb7 18. Bf6 Rg8 19. c4 Bg7 20. Bxg7
Rxg7 21. O-O-O Nc6 22. Kd2 Kc8 23. Re1 Kb8 24. Nxb6 axb6 25. Kc3 Kc7 26. Re3
Nd6 27. g3 Rg8 28. a4 Ra8 29. b3 b5 30. cxb5 Nxb5+ 31. axb5 Na5 32. Re7 Nb7
33. Rxh7 Ra1 34. Re7 Nc5 35. b4 Na4+ 36. Kd4 Nb2 37. h4 Na4 38. Rg7 Rd1+ 39.
Ke5 Nc3 40. b6+ Kxb6 41. Rxg6+ Kb5 42. Kxf5 Kxb4 43. h5 Ne2 44. Rh4+ Kc3 45.
Nxe2+ Kd2 46. Rd6+ Kxe2 47. Re4+ Kf2 48. Rxd1 {Black resigns} 1-0

[Event "GambitGuide"]
[Site "Internet Chess Club"]
[Date "2014.10.31"]
[Round "1"]
[White "JSBach"]
[Black "Drunxican"]
[Result "1-0"]
[ICCResult "Black resigns"]
[WhiteElo "1658"]
[BlackElo "1518"]
[Opening "Vienna: `Frankenstein-Dracula' variation"]
[ECO "C27"]
[NIC "VG.02"]
[Time "11:49:20"]
[TimeControl "120+12"]

1. e4 e5 2. Nc3 Nf6 3. Bc4 Nxe4 4. Qh5 Nd6 5. Bb3 Nc6 6. Nb5 g6 7. Qf3 f5 8.
Qd5 Qe7 9. Nxc7+ Kd8 10. Nxa8 b6 11. d3 Bb7 12. Nxb6 axb6 13. Qf3 e4 14.
dxe4 Nxe4 15. Be3 Bg7 16. Bxb6+ Kc8 17. Qe3 Re8 18. c3 Ne5 19. Rd1 Ng4 20.
Qe2 Ngxf2 21. Bxf2 {Black resigns} 1-0

[Event "GambitGuide"]
[Site "Internet Chess Club"]
[Date "2014.10.31"]
[Round "1"]
[White "JSBach"]
[Black "fishhead"]
[Result "1-0"]
[ICCResult "Black resigns"]
[WhiteElo "1658"]
[BlackElo "1597"]
[Opening "Vienna: `Frankenstein-Dracula' variation"]
[ECO "C27"]
[NIC "VG.02"]
[Time "11:50:13"]
[TimeControl "120+12"]

1. e4 e5 2. Nc3 Nf6 3. Bc4 Nxe4 4. Qh5 Nd6 5. Bb3 Nc6 6. Nb5 g6 7. Qf3 f5 8.
Qd5 Qe7 9. Nxc7+ Kd8 10. Nxa8 b6 11. d3 Bb7 12. Nxb6 axb6 13. Qf3 Bg7 14.
Be3 b5 15. Bd5 Kc7 16. Rd1 h5 17. Ne2 h4 18. c3 b4 19. cxb4 Nxb4 20. Bxb7
Nxb7 21. Rc1+ Nc6 22. Nc3 Qd6 23. Nb5+ {Black resigns} 1-0

[Event "GambitGuide"]
[Site "Internet Chess Club"]
[Date "2014.10.31"]
[Round "1"]
[White "JSBach"]
[Black "bergnaset"]
[Result "1-0"]
[ICCResult "Black resigns"]
[WhiteElo "1658"]
[BlackElo "1571"]
[Opening "Vienna: `Frankenstein-Dracula' variation"]
[ECO "C27"]
[NIC "VG.02"]
[Time "11:48:54"]
[TimeControl "120+12"]

1. e4 e5 2. Nc3 Nf6 3. Bc4 Nxe4 4. Qh5 Nd6 5. Bb3 Nc6 6. Nb5 g6 7. Qf3 f5 8.
Qd5 Qe7 9. Nxc7+ Kd8 10. Nxa8 b6 11. d3 Bg7 12. Nh3 Bb7 13. Bg5 Bf6 14. Nxb6
axb6 15. g3 Nb4 16. Qxb7 Nxb7 17. Be3 Nc5 18. O-O Nd5 19. Bxd5 h5 20. Rae1
h4 21. Bg2 hxg3 22. fxg3 e4 23. b3 g5 24. Rxf5 g4 25. Bxc5 bxc5 26. Rxe4
Bd4+ 27. Nf2 Bxf2+ 28. Kxf2 Qh7 29. Rxc5 Rf8+ 30. Kg1 Qg7 31. Rce5 Qf6 32.
Rf4 Qg7 33. Rxf8+ Qxf8 34. a4 Qd6 35. Re2 Qb6+ 36. Kh1 Qf6 37. h4 Qa1+ 38.
Kh2 Qd1 39. Rf2 Qe1 40. Rf4 Qe2 41. Rc4 d5 42. Rc5 d4 43. a5 Kd7 44. a6 Kd6
45. Rd5+ Kc7 46. a7 {Black resigns} 1-0

[Event "GambitGuide"]
[Site "Internet Chess Club"]
[Date "2014.10.31"]
[Round "1"]
[White "JSBach"]
[Black "Joennyxan"]
[Result "1-0"]
[ICCResult "Black resigns"]
[WhiteElo "1658"]
[BlackElo "843"]
[Opening "Vienna: `Frankenstein-Dracula' variation"]
[ECO "C27"]
[NIC "VG.02"]
[Time "11:49:57"]
[TimeControl "120+12"]

1. e4 e5 2. Nc3 Nf6 3. Bc4 Nxe4 4. Qh5 Nd6 5. Bb3 Nc6 6. Nb5 g6 7. Qf3 f5 8.
Qd5 Qe7 9. Nxc7+ Kd8 10. Nxa8 b6 11. d3 e4 12. dxe4 Nxe4 13. Be3 Bh6 14.
Nxb6 axb6 15. Bxb6+ Ke8 16. Kd1 Nb4 17. Qa8 Qd6+ 18. Ke2 Nxc2 19. Qxc8+
{Black resigns}
1-0

[Event "GambitGuide"]
[Site "Internet Chess Club"]
[Date "2014.10.31"]
[Round "1"]
[White "JSBach"]
[Black "nsideurheadbro"]
[Result "1-0"]
[ICCResult "Black resigns"]
[WhiteElo "1658"]
[BlackElo "1184"]
[Opening "Vienna: `Frankenstein-Dracula' variation"]
[ECO "C27"]
[NIC "VG.02"]
[Time "11:50:04"]
[TimeControl "120+12"]

1. e4 e5 2. Nc3 Nf6 3. Bc4 Nxe4 4. Qh5 Nd6 5. Bb3 Nc6 6. Nb5 g6 7. Qf3 f5 8.
Qd5 Qe7 9. Nxc7+ Kd8 10. Nxa8 b6 11. d3 Bb7 12. Nxb6 axb6 13. Qf3 f4 14. Qg4
g5 15. Nf3 e4 16. Nxg5 exd3+ 17. Kf1 Ne5 18. Qxf4 Bh6 19. Qh4 Qf6 20. Nf7+
{Black resigns}
1-0

[Event "GambitGuide"]
[Site "Internet Chess Club"]
[Date "2014.10.31"]
[Round "1"]
[White "JSBach"]
[Black "karapana"]
[Result "1-0"]
[ICCResult "Black resigns"]
[WhiteElo "1658"]
[BlackElo "1066"]
[Opening "Vienna: `Frankenstein-Dracula' variation"]
[ECO "C27"]
[NIC "VG.02"]
[Time "11:50:30"]
[TimeControl "120+12"]

1. e4 e5 2. Nc3 Nf6 3. Bc4 Nxe4 4. Qh5 Nd6 5. Bb3 Nc6 6. Nb5 g6 7. Qf3 f5 8.
Qd5 Qe7 9. Nxc7+ Kd8 10. Nxa8 b6 11. d3 f4 12. Ba4 Bb7 13. Nxb6 axb6 14. Qb3
Bg7 15. Qxb6+ {Black resigns} 1-0

[Event "GambitGuide"]
[Site "Internet Chess Club"]
[Date "2014.10.31"]
[Round "1"]
[White "JSBach"]
[Black "leonardoalmeida"]
[Result "1-0"]
[ICCResult "Black resigns"]
[WhiteElo "1658"]
[BlackElo "1834"]
[Opening "Vienna: `Frankenstein-Dracula' variation"]
[ECO "C27"]
[NIC "VG.02"]
[Time "11:49:11"]
[TimeControl "120+12"]

1. e4 e5 2. Nc3 Nf6 3. Bc4 Nxe4 4. Qh5 Nd6 5. Bb3 Nc6 6. Nb5 g6 7. Qf3 f5 8.
Qd5 Qe7 9. Nxc7+ Kd8 10. Nxa8 b6 11. d3 Bb7 12. Nxb6 axb6 13. Qf3 Nd4 14.
Qh3 Nxb3 15. axb3 Bg7 16. Be3 Kc7 17. Nf3 h6 18. b4 g5 19. Ra3 g4 20. Qh4
Bf6 21. Qg3 gxf3 22. Rc3+ Kb8 23. Bxb6 Rc8 24. gxf3 f4 25. Qg4 h5 26. Qxh5
Nb5 27. Rxc8+ Bxc8 28. Bc5 d6 29. Bb6 Kb7 30. Ba5 Nd4 31. c3 Nc6 32. Qg6
Nxa5 33. bxa5 Be6 34. Qe4+ d5 35. Qb4+ Qxb4 36. cxb4 Ka6 37. Kd2 Kb5 38. h4
Bc8 39. h5 Kxb4 40. Rc1 Bb7 41. Ra1 Ba6 42. h6 Kc5 43. h7 Kd4 44. b3 Bxd3
45. Ra4+ {Black resigns} 1-0

[Event "GambitGuide"]
[Site "Internet Chess Club"]
[Date "2014.10.31"]
[Round "1"]
[White "JSBach"]
[Black "bergnaset"]
[Result "1-0"]
[ICCResult "Black resigns"]
[WhiteElo "1658"]
[BlackElo "1571"]
[Opening "Vienna: `Frankenstein-Dracula' variation"]
[ECO "C27"]
[NIC "VG.02"]
[Time "11:51:52"]
[TimeControl "120+12"]

1. e4 e5 2. Nc3 Nf6 3. Bc4 Nxe4 4. Qh5 Nd6 5. Bb3 Nc6 6. Nb5 g6 7. Qf3 f5 8.
Qd5 Qe7 9. Nxc7+ Kd8 10. Nxa8 b6 11. d3 Bg7 12. Ba4 Bb7 13. Nxb6 axb6 14.
Qb3 Kc7 15. Nf3 e4 16. Bg5 Qe8 17. dxe4 Nxe4 18. Bf4+ Be5 19. Nxe5 Nxe5 20.
Rd1 Kc8 21. Qxb6 d6 22. Bxe8 {Black resigns} 1-0

[Event "GambitGuide"]
[Site "Internet Chess Club"]
[Date "2014.10.31"]
[Round "1"]
[White "JSBach"]
[Black "Joennyxan"]
[Result "1-0"]
[ICCResult "Black resigns"]
[WhiteElo "1677"]
[BlackElo "843"]
[Opening "Vienna: `Frankenstein-Dracula' variation"]
[ECO "C27"]
[NIC "VG.02"]
[Time "11:52:31"]
[TimeControl "120+12"]

1. e4 e5 2. Nc3 Nf6 3. Bc4 Nxe4 4. Qh5 Nd6 5. Bb3 Nc6 6. Nb5 g6 7. Qf3 f5 8.
Qd5 Qe7 9. Nxc7+ Kd8 10. Nxa8 b6 11. d3 e4 12. dxe4 Nxe4 13. Be3 Bh6 14.
Nxb6 axb6 15. Bxb6+ Ke8 16. Kd1 Bc1 17. Rxc1 {Black resigns} 1-0

[Event "GambitGuide"]
[Site "Internet Chess Club"]
[Date "2014.10.31"]
[Round "1"]
[White "JSBach"]
[Black "karapana"]
[Result "1-0"]
[ICCResult "Black resigns"]
[WhiteElo "1677"]
[BlackElo "1066"]
[Opening "Vienna: `Frankenstein-Dracula' variation"]
[ECO "C27"]
[NIC "VG.02"]
[Time "11:52:38"]
[TimeControl "120+12"]

1. e4 e5 2. Nc3 Nf6 3. Bc4 Nxe4 4. Qh5 Nd6 5. Bb3 Nc6 6. Nb5 g6 7. Qf3 f5 8.
Qd5 Qe7 9. Nxc7+ Kd8 10. Nxa8 b6 11. d3 Bg7 12. h4 Re8 13. Bg5 Bf6 14. Nf3
e4 15. dxe4 Nxe4 16. O-O-O Bxg5+ 17. Nxg5 Nxf2 18. Nf7+ {Black resigns} 1-0

[Event "GambitGuide"]
[Site "Internet Chess Club"]
[Date "2014.10.31"]
[Round "1"]
[White "JSBach"]
[Black "ericsfriend"]
[Result "1-0"]
[ICCResult "Black checkmated"]
[WhiteElo "1677"]
[BlackElo "1153"]
[Opening "Vienna: `Frankenstein-Dracula' variation"]
[ECO "C27"]
[NIC "VG.02"]
[Time "11:51:16"]
[TimeControl "120+12"]

1. e4 e5 2. Nc3 Nf6 3. Bc4 Nxe4 4. Qh5 Nd6 5. Bb3 Nc6 6. Nb5 g6 7. Qf3 f5 8.
Qd5 Qe7 9. Nxc7+ Kd8 10. Nxa8 b6 11. d3 Qe6 12. Bg5+ Be7 13. Qxe6 dxe6 14.
Bh6 e4 15. dxe4 Nxe4 16. Rd1+ Bd6 17. f3 Ke7 18. fxe4 fxe4 19. Bg5+ Kd7 20.
Ne2 Rf8 21. Nc3 Bb7 22. Nxe4 Bxa8 23. Rxd6+ Kc7 24. Bxe6 Nb4 25. Rd7+ Kc6
26. Ke2 Kb5 27. a4+ Kxa4 28. Nc3+ Ka5 29. Ra1+ Na2 30. Rxa7+ Kb4 31. Be7#
{Black checkmated}
1-0

[Event "GambitGuide"]
[Site "Internet Chess Club"]
[Date "2014.10.31"]
[Round "1"]
[White "JSBach"]
[Black "nsideurheadbro"]
[Result "1-0"]
[ICCResult "Black resigns"]
[WhiteElo "1677"]
[BlackElo "1184"]
[Opening "Vienna: `Frankenstein-Dracula' variation"]
[ECO "C27"]
[NIC "VG.02"]
[Time "11:52:29"]
[TimeControl "120+12"]

1. e4 e5 2. Nc3 Nf6 3. Bc4 Nxe4 4. Qh5 Nd6 5. Bb3 Nc6 6. Nb5 g6 7. Qf3 f5 8.
Qd5 Qe7 9. Nxc7+ Kd8 10. Nxa8 b6 11. d3 Bb7 12. Nxb6 axb6 13. Qf3 Nd4 14.
Qh3 e4 15. Be3 exd3 16. O-O-O Ne2+ 17. Nxe2 dxe2 18. Rde1 Ba6 19. Bxb6+ Kc8
20. Qc3+ Nc4 21. Bxc4 Qg5+ 22. Be3 f4 23. Bxa6+ Kd8 24. Bb6+ Ke8 25. Rxe2+
Be7 26. Qxh8+ {Black resigns} 1-0

[Event "GambitGuide"]
[Site "Internet Chess Club"]
[Date "2014.10.31"]
[Round "1"]
[White "JSBach"]
[Black "leonardoalmeida"]
[Result "1-0"]
[ICCResult "Black resigns"]
[WhiteElo "1677"]
[BlackElo "1834"]
[Opening "Vienna: `Frankenstein-Dracula' variation"]
[ECO "C27"]
[NIC "VG.02"]
[Time "11:54:38"]
[TimeControl "120+12"]

1. e4 e5 2. Nc3 Nf6 3. Bc4 Nxe4 4. Qh5 Nd6 5. Bb3 Nc6 6. Nb5 g6 7. Qf3 f5 8.
Qd5 Qe7 9. Nxc7+ Kd8 10. Nxa8 b6 11. d3 Bb7 12. Nxb6 axb6 13. Qf3 e4 14.
dxe4 Nxe4 15. Be3 Bh6 16. Bxb6+ Kc8 17. Be3 Bxe3 18. Qxe3 Qf6 19. O-O-O Re8
20. f3 Nd6 21. Rxd6 {Black resigns} 1-0

[Event "GambitGuide"]
[Site "Internet Chess Club"]
[Date "2014.10.31"]
[Round "1"]
[White "JSBach"]
[Black "Drunxican"]
[Result "0-1"]
[ICCResult "White checkmated"]
[WhiteElo "1677"]
[BlackElo "1518"]
[Opening "Vienna: `Frankenstein-Dracula' variation"]
[ECO "C27"]
[NIC "VG.02"]
[Time "11:51:31"]
[TimeControl "120+12"]

1. e4 e5 2. Nc3 Nf6 3. Bc4 Nxe4 4. Qh5 Nd6 5. Bb3 Nc6 6. Nb5 g6 7. Qf3 f5 8.
Qd5 Qe7 9. Nxc7+ Kd8 10. Nxa8 b6 11. d3 Bb7 12. Nxb6 axb6 13. Qf3 e4 14. Qe3
Bg7 15. Qxb6+ Kc8 16. Ne2 exd3 17. cxd3 Re8 18. Be3 g5 19. Rc1 f4 20. O-O
fxe3 21. Rc2 Qd8 22. Qc5 Qe7 23. Rfc1 exf2+ 24. Qxf2 Qe3 25. Qxe3 Rxe3 26.
Bg8 h6 27. b4 Kd8 28. b5 Nd4 29. Nxd4 Bxd4 30. Kf1 Nf5 31. Bh7 Nh4 32. a4
Re7 33. Bg8 Re8 34. g3 Rf8+ 35. Ke2 Rf2+ 36. Kd1 Bf3+ 37. Re2 Nf5 38. Rc2
Ne3+ 39. Kc1 Rxe2 40. Rxe2 Bxe2 41. Kd2 Bf3 42. Ke1 Bb6 43. Kf2 Bd5 44. Bxd5
Nxd5+ 45. Kf3 Ke7 46. h4 gxh4 47. a5 Bxa5 48. gxh4 Kf6 49. Kg4 Kg6 50. h5+
Kf6 51. d4 Bc3 52. Kh3 Bxd4 53. Kg4 Nc3 54. b6 Bxb6 55. Kf4 Bd4 56. Kg4 d5
57. Kh4 Ke5 58. Kg3 Ne4+ 59. Kh3 Be3 60. Kg2 Bf4 61. Kh3 d4 62. Kg2 d3 63.
Kf3 d2 64. Ke2 Nc3+ 65. Kd3 d1=Q+ 66. Kxc3 Qd4+ 67. Kb3 Bd2 68. Kc2 Qc3+ 69.
Kd1 Bf4 70. Ke2 Qe3+ 71. Kf1 Qd2 72. Kg1 Bg3 73. Kf1 Qf2# {White checkmated}
0-1

[Event "GambitGuide"]
[Site "Internet Chess Club"]
[Date "2014.10.31"]
[Round "1"]
[White "JSBach"]
[Black "oioisaveloy"]
[Result "1-0"]
[ICCResult "Black checkmated"]
[WhiteElo "1677"]
[BlackElo "1218"]
[Opening "Vienna: `Frankenstein-Dracula' variation"]
[ECO "C27"]
[NIC "VG.02"]
[Time "11:53:43"]
[TimeControl "120+12"]

1. e4 e5 2. Nc3 Nf6 3. Bc4 Nxe4 4. Qh5 Nd6 5. Bb3 Nc6 6. Nb5 g6 7. Qf3 f5 8.
Qd5 Qe7 9. Nxc7+ Kd8 10. Nxa8 b6 11. d3 e4 12. dxe4 Bg7 13. Be3 Re8 14.
O-O-O Nxe4 15. Qxc6 f4 16. Qc7# {Black checkmated} 1-0

[Event "GambitGuide"]
[Site "Internet Chess Club"]
[Date "2014.10.31"]
[Round "1"]
[White "JSBach"]
[Black "Rude-Dude"]
[Result "1-0"]
[ICCResult "Black checkmated"]
[WhiteElo "1677"]
[BlackElo "1295"]
[Opening "Vienna: `Frankenstein-Dracula' variation"]
[ECO "C27"]
[NIC "VG.02"]
[Time "11:52:19"]
[TimeControl "120+12"]

1. e4 e5 2. Nc3 Nf6 3. Bc4 Nxe4 4. Qh5 Nd6 5. Bb3 Nc6 6. Nb5 g6 7. Qf3 f5 8.
Qd5 Qe7 9. Nxc7+ Kd8 10. Nxa8 b6 11. d3 e4 12. dxe4 Nxe4 13. Be3 f4 14. f3
Qh4+ 15. Kd1 fxe3 16. Qxe4 Qf2 17. Ne2 Bc5 18. Qf4 Ba6 19. Qf6+ Kc8 20.
Qxh8+ Kb7 21. Re1 Nd4 22. Bd5+ Nc6 23. Qe8 Bxe2+ 24. Rxe2 Qf1+ 25. Re1 e2+
26. Kd2 Qf2 27. Qxd7+ Ka6 28. Nc7+ Ka5 29. c3 Be3+ 30. Kc2 Ne5 31. Qb5#
{Black checkmated}
1-0

[Event "GambitGuide"]
[Site "Internet Chess Club"]
[Date "2014.10.31"]
[Round "1"]
[White "JSBach"]
[Black "bergnaset"]
[Result "0-1"]
[ICCResult "White checkmated"]
[WhiteElo "1677"]
[BlackElo "1571"]
[Opening "Vienna: `Frankenstein-Dracula' variation"]
[ECO "C27"]
[NIC "VG.02"]
[Time "11:52:57"]
[TimeControl "120+12"]

1. e4 e5 2. Nc3 Nf6 3. Bc4 Nxe4 4. Qh5 Nd6 5. Bb3 Nc6 6. Nb5 g6 7. Qf3 f5 8.
Qd5 Qe7 9. Nxc7+ Kd8 10. Nxa8 b6 11. d3 e4 12. dxe4 Nxe4 13. Be3 Bb7 14.
Nxb6 axb6 15. Bxb6+ Kc8 16. Be3 f4 17. f3 Nf6 18. Qb5 Qxe3+ 19. Ne2 Bc5 20.
Kd1 Re8 21. Nxf4 g5 22. Ne2 g4 23. fxg4 Nxg4 24. Bf7 Nf2+ 25. Ke1 Re7 26.
Rf1 Rxf7 27. Rg1 Re7 28. Kf1 Nh3 29. Ke1 Nxg1 30. Kd1 Nxe2 31. c3 Nxc3+ 32.
bxc3 Qxc3 33. Qxb7+ Kxb7 34. Rb1+ Kc7 35. Rb7+ Kxb7 36. a4 Re1#
{White checkmated}
0-1

[Event "GambitGuide"]
[Site "Internet Chess Club"]
[Date "2014.10.31"]
[Round "1"]
[White "JSBach"]
[Black "Joennyxan"]
[Result "1-0"]
[ICCResult "Black resigns"]
[WhiteElo "1677"]
[BlackElo "843"]
[Opening "Vienna: `Frankenstein-Dracula' variation"]
[ECO "C27"]
[NIC "VG.02"]
[Time "11:54:34"]
[TimeControl "120+12"]

1. e4 e5 2. Nc3 Nf6 3. Bc4 Nxe4 4. Qh5 Nd6 5. Bb3 Nc6 6. Nb5 g6 7. Qf3 f5 8.
Qd5 Qe7 9. Nxc7+ Kd8 10. Nxa8 b6 11. d3 e4 12. dxe4 Nxe4 13. Be3 Bb7 14.
Nxb6 axb6 15. Bxb6+ Ke8 16. Be3 Bh6 17. Qf7+ Qxf7 18. Bxf7+ Kxf7 19. Bxh6
Re8 20. Be3 Nd4 21. O-O-O Nxf2 22. Bxf2 Nxc2 23. Rxd7+ Kf8 24. Rxb7 Rc8 25.
Kb1 Nd4 26. Bxd4 {Black resigns} 1-0

[Event "GambitGuide"]
[Site "Internet Chess Club"]
[Date "2014.10.31"]
[Round "1"]
[White "JSBach"]
[Black "leonardoalmeida"]
[Result "1-0"]
[ICCResult "Black checkmated"]
[WhiteElo "1665"]
[BlackElo "1834"]
[Opening "Vienna: `Frankenstein-Dracula' variation"]
[ECO "C27"]
[NIC "VG.02"]
[Time "11:55:38"]
[TimeControl "120+12"]

1. e4 e5 2. Nc3 Nf6 3. Bc4 Nxe4 4. Qh5 Nd6 5. Bb3 Nc6 6. Nb5 g6 7. Qf3 f5 8.
Qd5 Qe7 9. Nxc7+ Kd8 10. Nxa8 b6 11. d3 Bb7 12. Nxb6 axb6 13. Qf3 Nd4 14.
Qh3 Bg7 15. Be3 f4 16. Bxd4 exd4+ 17. Kf1 Nf5 18. Ne2 f3 19. gxf3 Qh4 20.
Qg2 Qh6 21. Re1 Nh4 22. Qg3 Nxf3 23. Qb8+ Bc8 24. Qxb6+ Ke8 25. Kg2 Nxe1+
26. Rxe1 Qd2 27. Kf1 Kf8 28. Qd8# {Black checkmated} 1-0

[Event "GambitGuide"]
[Site "Internet Chess Club"]
[Date "2014.10.31"]
[Round "1"]
[White "JSBach"]
[Black "Rude-Dude"]
[Result "1-0"]
[ICCResult "Black resigns"]
[WhiteElo "1640"]
[BlackElo "1295"]
[Opening "Vienna: `Frankenstein-Dracula' variation"]
[ECO "C27"]
[NIC "VG.02"]
[Time "11:56:40"]
[TimeControl "120+12"]

1. e4 e5 2. Nc3 Nf6 3. Bc4 Nxe4 4. Qh5 Nd6 5. Bb3 Nc6 6. Nb5 g6 7. Qf3 f5 8.
Qd5 Qe7 9. Nxc7+ Kd8 10. Nxa8 b6 11. d3 Bb7 12. Nxb6 axb6 13. Qf3 e4 14.
dxe4 Nd4 15. Qg3 Qxe4+ 16. Be3 Nxc2+ 17. Bxc2 Qxc2 18. Qe5 Nf7 19. Bxb6+
{Black resigns}
1-0

[Event "GambitGuide"]
[Site "Internet Chess Club"]
[Date "2014.10.31"]
[Round "1"]
[White "JSBach"]
[Black "infiniteshug"]
[Result "1-0"]
[ICCResult "Black checkmated"]
[WhiteElo "1630"]
[BlackElo "1482"]
[Opening "Vienna: `Frankenstein-Dracula' variation"]
[ECO "C27"]
[NIC "VG.02"]
[Time "11:56:59"]
[TimeControl "120+12"]

1. e4 e5 2. Nc3 Nf6 3. Bc4 Nxe4 4. Qh5 Nd6 5. Bb3 Nc6 6. Nb5 g6 7. Qf3 f5 8.
Qd5 Qe7 9. Nxc7+ Kd8 10. Nxa8 b6 11. d3 Bb7 12. Nxb6 axb6 13. Qf3 Kc7 14.
Be3 Nd4 15. Qh3 N6b5 16. c3 Nxb3 17. axb3 Bg7 18. Ra4 d5 19. Rb4 Nd6 20.
Bxb6+ Kb8 21. Ne2 e4 22. Qe3 g5 23. Ra4 f4 24. Qc5 Rc8 25. Qa5 Rc6 26. dxe4
dxe4 27. Nd4 Bxd4 28. Qa7+ Kc8 29. Rxd4 Nb5 30. Bd8 Qe8 31. Qa4 Nxd4 32.
Bxg5 Ne6 33. Bh4 Qd7 34. Bf6 e3 35. O-O exf2+ 36. Rxf2 Rd6 37. Qc4+ Qc6 38.
Qe2 Kd7 39. Be5 Rd5 40. c4 Ra5 41. Qd2+ Ke7 42. Qxa5 Qe4 43. Bxf4 Nxf4 44.
Qc7+ Ke6 45. Qxf4 Qb1+ 46. Rf1 Qxb2 47. Qh6+ Kd7 48. Rf7+ Kc8 49. Qf8#
{Black checkmated}
1-0

[Event "GambitGuide"]
[Site "Internet Chess Club"]
[Date "2014.10.31"]
[Round "1"]
[White "JSBach"]
[Black "infiniteshug"]
[Result "1-0"]
[ICCResult "Black resigns"]
[WhiteElo "1630"]
[BlackElo "1482"]
[Opening "Vienna: `Frankenstein-Dracula' variation"]
[ECO "C27"]
[NIC "VG.02"]
[Time "11:58:52"]
[TimeControl "120+12"]

1. e4 e5 2. Nc3 Nf6 3. Bc4 Nxe4 4. Qh5 Nd6 5. Bb3 Nc6 6. Nb5 g6 7. Qf3 f5 8.
Qd5 Qe7 9. Nxc7+ Kd8 10. Nxa8 b6 11. d3 Bb7 12. Nxb6 axb6 13. Qf3 Bg7 14.
Be3 Kc7 15. Bd5 e4 16. Qf4 Be5 17. Qh6 exd3 18. cxd3 Bxb2 19. Rb1 Qe5 20.
Ne2 Nc8 21. Bf4 {Black resigns} 1-0

[Event "GambitGuide"]
[Site "Internet Chess Club"]
[Date "2014.10.31"]
[Round "1"]
[White "JSBach"]
[Black "Rude-Dude"]
[Result "1-0"]
[ICCResult "Black checkmated"]
[WhiteElo "1630"]
[BlackElo "1295"]
[Opening "Vienna: `Frankenstein-Dracula' variation"]
[ECO "C27"]
[NIC "VG.02"]
[Time "11:58:19"]
[TimeControl "120+12"]

1. e4 e5 2. Nc3 Nf6 3. Bc4 Nxe4 4. Qh5 Nd6 5. Bb3 Nc6 6. Nb5 g6 7. Qf3 f5 8.
Qd5 Qe7 9. Nxc7+ Kd8 10. Nxa8 b6 11. d3 e4 12. dxe4 Nb4 13. Qd4 Nxe4 14.
Qxh8 Ng3+ 15. Be3 Nxh1 16. Qxf8+ Qxf8 17. Bg5+ Ke8 18. Nc7# {Black
checkmated} 1-0

[Event "GambitGuide"]
[Site "Internet Chess Club"]
[Date "2014.10.31"]
[Round "1"]
[White "JSBach"]
[Black "nsideurheadbro"]
[Result "1-0"]
[ICCResult "Black resigns"]
[WhiteElo "1630"]
[BlackElo "1184"]
[Opening "Vienna: `Frankenstein-Dracula' variation"]
[ECO "C27"]
[NIC "VG.02"]
[Time "11:55:15"]
[TimeControl "120+12"]

1. e4 e5 2. Nc3 Nf6 3. Bc4 Nxe4 4. Qh5 Nd6 5. Bb3 Nc6 6. Nb5 g6 7. Qf3 f5 8.
Qd5 Qe7 9. Nxc7+ Kd8 10. Nxa8 b6 11. d3 Bb7 12. Nxb6 axb6 13. Qf3 Nd4 14.
Qg3 f4 15. Qg4 Bh6 16. Ba4 b5 17. Bb3 f3 18. Nxf3 Bxc1 19. Rxc1 Nxf3+ 20.
gxf3 Qf6 21. Rg1 Rf8 22. f4 exf4 23. Kf1 f3 24. Re1 Nf5 25. a4 bxa4 26. Qxa4
Nd4 27. Qa5+ Kc8 28. Qc5+ Nc6 29. Bd5 Qxb2 30. Qxf8+ Kc7 31. Qxf3 Qxc2 32.
Qf4+ Kd8 33. Rg3 Ba6 34. Kg1 Qxd3 35. Rxd3 {Black resigns} 1-0

[Event "GambitGuide"]
[Site "Internet Chess Club"]
[Date "2014.10.31"]
[Round "1"]
[White "JSBach"]
[Black "infiniteshug"]
[Result "1-0"]
[ICCResult "Black resigns"]
[WhiteElo "1630"]
[BlackElo "1482"]
[Opening "Vienna: `Frankenstein-Dracula' variation"]
[ECO "C27"]
[NIC "VG.02"]
[Time "11:59:34"]
[TimeControl "120+12"]

1. e4 e5 2. Nc3 Nf6 3. Bc4 Nxe4 4. Qh5 Nd6 5. Bb3 Nc6 6. Nb5 g6 7. Qf3 f5 8.
Qd5 Qe7 9. Nxc7+ Kd8 10. Nxa8 b6 11. d3 Bb7 12. Nxb6 axb6 13. Qf3 Kc7 14.
Be3 Bg7 15. Bd5 Re8 16. Ne2 e4 17. Qf4 h6 18. dxe4 g5 19. Qg3 fxe4 20. O-O-O
Qf6 21. Nc3 Nb4 22. Nb5+ Kd8 23. Bxb6+ Kc8 24. Nxd6+ {Black resigns} 1-0